General information
- name: BNet
- type: Ladder team game (AT/RT)
- host: Battle.net
- saver: o[1]o
map: SilverpineForest
- players: 6
- length: 26:31
- speed: Fast
- version: 1.23 W3XP
- replay type: Public
» download(187 KB)
Players
team 1 (loser)
Aphotic (
orange | 127 APM | 2868 actions | 22:35)
4 Mountain King
2 Storm Bolt
2 Bash
3 Paladin
2 Holy Light
1 Divine Shield
» actions
| Assign group hotkey | 165 | |
| Basic commands | 141 | |
| Build / train | 108 | |
| ESC pressed | 10 | |
| Enter build submenu | 29 | |
| Enter hero's abilities submenu | 7 | |
| Give item / drop item | 2 | |
| Right click | 1029 | |
| Select / deselect | 436 | |
| Select group hotkey | 844 | |
| Use ability | 97 | |
2868 total
» units
| Peasant | 12 | |
| Rifleman | 13 | |
| Mortar Team | 13 | |
| Priest | 7 | |
| Spell Breaker | 1 | |
| Siege Engine | 4 | |
50 total
» upgrades
| Gunpowder | 3 | |
| Armor | 1 | |
| Long Rifles | 1 | |
| Flare | 1 | |
| Priest Training | 2 | |
| Fragmentation Shards | 1 | |
| Barrage | 1 | |
10 total
» buildings
| Altar of Kings | 1 | |
| Lumber Mill | 1 | |
| Farm | 14 | |
| Blacksmith | 1 | |
| Scout Tower | 4 | |
| Barracks | 2 | |
| Arcane Tower | 1 | |
| Guard Tower | 7 | |
| Arcane Vault | 1 | |
| Keep | 2 | |
| Workshop | 2 | |
| Castle | 2 | |
| Arcane Sanctum | 1 | |
| Town Hall | 1 | |
40 total
» build order
00:05 Altar of Kings
00:10 Lumber Mill
00:28 Farm
00:51 Blacksmith
01:06 Farm
01:31 Scout Tower
01:54 Barracks
02:00 Scout Tower
02:12 Farm
02:34 Arcane Tower
02:59 Guard Tower
03:54 Arcane Vault
03:58 Barracks
04:05 Farm
04:36 Keep
04:36 Keep
05:01 Farm
05:07 Farm
06:29 Farm
06:33 Scout Tower
06:37 Farm
06:54 Scout Tower
08:55 Guard Tower
08:55 Guard Tower
08:55 Guard Tower
09:09 Workshop
09:11 Workshop
09:25 Farm
09:57 Castle
10:50 Arcane Sanctum
13:55 Farm
13:56 Farm
13:57 Farm
16:10 Farm
16:42 Town Hall
18:21 Farm
» items
| Scroll of Regeneration | 2 | |
| Lesser Clarity Potion | 1 | |
| Scroll of Town Portal | 2 | |
| Orb of Fire | 1 | |
6 total
Gg-No-Re-Enj0y (
teal | 46 APM | 1227 actions | 26:30)
3 Keeper of the Grove
2 Entangling Roots
1 Thorns Aura
1 Demon Hunter
1 Mana Burn
1 Pit Lord
1 Howl of Terror
» actions
| Assign group hotkey | 26 | |
| Basic commands | 10 | |
| Build / train | 60 | |
| ESC pressed | 1 | |
| Enter build submenu | 16 | |
| Enter hero's abilities submenu | 5 | |
| Give item / drop item | 1 | |
| Right click | 478 | |
| Select / deselect | 182 | |
| Select group hotkey | 366 | |
| Use ability | 81 | |
1227 total
» units
» upgrades
| Reinforced Hides | 2 | |
| Strength of the Wild | 2 | |
| Masonry | 1 | |
5 total
» buildings
| Altar of Elders | 1 | |
| Moon Well | 5 | |
| Tree of Life | 3 | |
| Tree of Ages | 1 | |
| Hunter's Hall | 1 | |
| Ancient of Wonders | 1 | |
| Tree of Eternity | 1 | |
| Ancient of Wind | 1 | |
| Chimaera Roost | 2 | |
16 total
» build order
00:19 Altar of Elders
00:27 Moon Well
03:51 Moon Well
04:49 Tree of Life
04:52 Tree of Life
08:46 Tree of Life
13:14 Moon Well
13:50 Tree of Ages
14:00 Hunter's Hall
14:03 Moon Well
15:21 Ancient of Wonders
16:12 Tree of Eternity
16:47 Ancient of Wind
17:31 Moon Well
18:41 Chimaera Roost
18:48 Chimaera Roost
» items
| Scroll of Protection | 3 | |
| Scroll of Healing | 1 | |
| Boots of Speed | 1 | |
| Pendant of Energy | 1 | |
| Scroll of Town Portal | 2 | |
| Staff of Preservation | 1 | |
9 total
oLd-NewB (
pink | 101 APM | 2276 actions | 22:31)
5 Death Knight
3 Death Coil
2 Unholy Aura
4 Lich
2 Frost Nova
2 Dark Ritual
» actions
| Assign group hotkey | 32 | |
| Basic commands | 130 | |
| Build / train | 50 | |
| Enter build submenu | 19 | |
| Enter hero's abilities submenu | 9 | |
| Give item / drop item | 2 | |
| Right click | 748 | |
| Select / deselect | 395 | |
| Select group hotkey | 815 | |
| Use ability | 76 | |
2276 total
» units
| Acolyte | 2 | |
| Ghoul | 1 | |
| Crypt Fiend | 11 | |
| Obsidian Statue | 1 | |
| Frost Wyrm | 8 | |
| Abomination | 2 | |
25 total
» upgrades
| Creature Attack | 3 | |
| Web | 1 | |
| Freezing Breath | 1 | |
| Creature Carapace | 1 | |
6 total
» buildings
| Crypt | 2 | |
| Graveyard | 1 | |
| Altar of Darkness | 1 | |
| Ziggurat | 9 | |
| Tomb of Relics | 1 | |
| Halls of the Dead | 1 | |
| Slaughterhouse | 1 | |
| Black Citadel | 1 | |
| Sacrificial Pit | 1 | |
| Boneyard | 2 | |
20 total
» build order
00:09 Crypt
00:15 Graveyard
00:36 Altar of Darkness
00:44 Ziggurat
00:55 Tomb of Relics
01:42 Ziggurat
02:07 Ziggurat
02:31 Halls of the Dead
03:00 Ziggurat
03:14 Crypt
03:45 Ziggurat
05:08 Slaughterhouse
05:19 Black Citadel
06:13 Sacrificial Pit
06:16 Ziggurat
08:23 Boneyard
08:27 Boneyard
10:02 Ziggurat
15:47 Ziggurat
17:29 Ziggurat
» items
| Rod of Necromancy | 2 | |
| Scroll of Town Portal | 3 | |
| Orb of Corruption | 1 | |
6 total
team 2 (winner)
M0B-LeadeR (
red | 81 APM | 2137 actions | 26:30)
6 Keeper of the Grove
3 Entangling Roots
2 Force of Nature
1 Tranquility
5 Priestess of the Moon
3 Trueshot Aura
2 Searing Arrows
» actions
| Assign group hotkey | 157 | |
| Basic commands | 129 | |
| Build / train | 81 | |
| ESC pressed | 8 | |
| Enter build submenu | 25 | |
| Enter hero's abilities submenu | 11 | |
| Give item / drop item | 1 | |
| Right click | 965 | |
| Select / deselect | 298 | |
| Select group hotkey | 377 | |
| Use ability | 85 | |
2137 total
» units
| Wisp | 16 | |
| Huntress | 8 | |
| Archer | 7 | |
| Dryad | 16 | |
| Mountain Giant | 1 | |
48 total
» upgrades
| Druid of the Claw Training | 1 | |
| Reinforced Hides | 1 | |
| Hardened Skin | 2 | |
| Improved Bows | 1 | |
| Marksmanship | 1 | |
| Strength of the Wild | 1 | |
| Abolish Magic | 2 | |
| Nature's Blessing | 1 | |
10 total
» buildings
| Altar of Elders | 1 | |
| Moon Well | 7 | |
| Ancient of War | 2 | |
| Hunter's Hall | 1 | |
| Tree of Ages | 4 | |
| Tree of Eternity | 1 | |
| Ancient of Lore | 3 | |
| Ancient of Wonders | 1 | |
| Tree of Life | 1 | |
21 total
» build order
00:07 Altar of Elders
00:18 Moon Well
01:38 Ancient of War
01:52 Hunter's Hall
02:22 Moon Well
02:28 Ancient of War
03:50 Moon Well
04:48 Tree of Ages
04:49 Tree of Ages
05:41 Moon Well
07:13 Tree of Eternity
07:15 Ancient of Lore
08:12 Ancient of Wonders
08:54 Ancient of Lore
13:48 Ancient of Lore
15:23 Moon Well
15:25 Moon Well
15:33 Moon Well
18:22 Tree of Life
» items

»
o[1]o (
green | 79 APM | 2109 actions | 26:31)
7 Tauren Chieftain
3 Endurance Aura
3 War Stomp
1 Reincarnation
» actions
| Assign group hotkey | 21 | |
| Basic commands | 26 | |
| Build / train | 96 | |
| Enter build submenu | 13 | |
| Enter hero's abilities submenu | 7 | |
| Give item / drop item | 3 | |
| Right click | 1152 | |
| Select / deselect | 366 | |
| Select group hotkey | 342 | |
| Use ability | 83 | |
2109 total
» units
| Peon | 15 | |
| Troll Headhunter/Berserker | 31 | |
| Shaman | 12 | |
58 total
» upgrades
| Ranged Weapons | 3 | |
| Armor | 3 | |
| Berserker Upgrade | 1 | |
| Shaman Training | 2 | |
| Troll Regeneration | 1 | |
| Pillage | 1 | |
11 total
» buildings
| Altar of Storms | 1 | |
| Orc Burrow | 6 | |
| War Mill | 1 | |
| Barracks | 2 | |
| Voodoo Lounge | 1 | |
| Stronghold | 2 | |
| Fortress | 1 | |
| Great Hall | 1 | |
| Spirit Lodge | 1 | |
16 total
» build order
00:18 Altar of Storms
00:33 Orc Burrow
00:43 War Mill
00:58 Barracks
01:49 Barracks
02:04 Orc Burrow
02:20 Voodoo Lounge
02:49 Orc Burrow
05:44 Stronghold
06:31 Orc Burrow
08:24 Fortress
09:00 Great Hall
10:51 Spirit Lodge
15:24 Orc Burrow
17:21 Orc Burrow
» items
| Healing Salve | 4 | |
| Scroll of Speed | 1 | |
| Scroll of the Beast | 1 | |
| Potion of Healing | 2 | |
| Scroll of Town Portal | 3 | |
| Scroll of Healing | 2 | |
13 total
PapapaPwnage. (
blue | 68 APM | 1816 actions | 26:30)
6 Death Knight
3 Death Coil
2 Unholy Aura
1 Animate Dead
5 Lich
3 Frost Nova
2 Frost Armor
» actions
| Assign group hotkey | 2 | |
| Basic commands | 2 | |
| Build / train | 57 | |
| Enter build submenu | 15 | |
| Enter hero's abilities submenu | 11 | |
| Give item / drop item | 5 | |
| Right click | 1305 | |
| Select / deselect | 281 | |
| Select group hotkey | 74 | |
| Use ability | 64 | |
1816 total
» units
| Acolyte | 8 | |
| Ghoul | 3 | |
| Crypt Fiend | 9 | |
| Frost Wyrm | 6 | |
26 total
» upgrades
| Creature Attack | 3 | |
| Creature Carapace | 3 | |
| Burrow | 1 | |
| Web | 1 | |
8 total
» buildings
| Graveyard | 1 | |
| Crypt | 1 | |
| Ziggurat | 7 | |
| Altar of Darkness | 1 | |
| Tomb of Relics | 1 | |
| Nerubian Tower | 1 | |
| Halls of the Dead | 1 | |
| Black Citadel | 1 | |
| Sacrificial Pit | 1 | |
| Boneyard | 2 | |
17 total
» build order
00:06 Graveyard
00:09 Crypt
00:39 Ziggurat
00:58 Altar of Darkness
01:45 Tomb of Relics
02:24 Ziggurat
03:19 Nerubian Tower
04:27 Ziggurat
05:06 Halls of the Dead
06:28 Ziggurat
08:36 Black Citadel
10:12 Sacrificial Pit
11:12 Boneyard
11:15 Boneyard
13:44 Ziggurat
15:37 Ziggurat
16:33 Ziggurat
» items
| Rod of Necromancy | 2 | |
| Scroll of Protection | 1 | |
| Scroll of Healing | 1 | |
| Scroll of Town Portal | 2 | |
| Orb of Corruption | 1 | |
7 total
Chat log
(01:24 / All) Aphotic: yup
(01:29 / All) M0B-LeadeR: :D
(12:44 / All) Gg-No-Re-Enj0y: Gg hackers ^^_
(12:55 / All) M0B-LeadeR: dont kid yourself
(13:14 / All) o[1]o: how are we hackers lol
(13:23 / All) Aphotic: honestyly this is so laggy
(13:26 / All) Aphotic: its like a slideslow
(13:29 / All) Gg-No-Re-Enj0y: u hit expo as soon as made
(13:33 / All) Gg-No-Re-Enj0y: u hit me ...
(13:35 / All) Gg-No-Re-Enj0y: lol c'mon obv
(13:36 / All) o[1]o: so that makes us hackers?
(13:40 / All) Gg-No-Re-Enj0y: who r u kidding
(13:42 / All) M0B-LeadeR: youre a fucking idiot
(14:05 / All) Gg-No-Re-Enj0y: shh newb
(20:05 / All) o[1]o: gg no re
(20:06 / All) o[1]o: enjoy
(20:16 / All) M0B-LeadeR: im waiting for you to blame that battle on hack
(20:26 / All) o[1]o: nice tp
(20:27 / All) o[1]o: nice tp
(20:30 / All) Gg-No-Re-Enj0y: Well kid u obv hacked u dumb fuck
(20:32 / All) Gg-No-Re-Enj0y: Get skills not hacks newbs
(20:35 / All) o[1]o: yea ok kid
(20:36 / All) o[1]o: check rep
(20:36 / All) Gg-No-Re-Enj0y: seriously ur trash
(20:41 / All) o[1]o: lolumad?
(20:49 / All) Gg-No-Re-Enj0y: why r u eben talken ur bad
(20:54 / All) o[1]o: lolumad?
(20:59 / All) Gg-No-Re-Enj0y: u win on hack?
(21:04 / All) o[1]o: win w/o hack
(21:05 / All) Gg-No-Re-Enj0y: learn skill next time scrubs
(21:06 / All) o[1]o: win w/o feed
(21:14 / All) o[1]o: win w/o shittalking before i might lose
(21:27 / All) o[1]o: no problems w/ ur partners
(21:30 / All) o[1]o: but you're a fag kid
(22:17 / All) Aphotic: this game has been brutally laggy the whole time11
(22:28 / All) Aphotic: gg i guess
(22:30 / All) Gg-No-Re-Enj0y: yeah all lag and u hack gj kids
(22:31 / All) o[1]o: gg wp
(22:33 / All) o[1]o: teal fucking fag
(22:36 / All) Gg-No-Re-Enj0y: love how u almost got destroyed with ur hacks
(22:39 / All) Gg-No-Re-Enj0y: game will be posted
(22:40 / All) o[1]o: gg clown
(22:41 / All) o[1]o: gtfo
(22:42 / All) Gg-No-Re-Enj0y: ur complete trash newbs
(22:42 / All) o[1]o: post it
(22:44 / All) o[1]o: post it kid
(22:48 / All) Gg-No-Re-Enj0y: yes u r a clown we know this
(22:49 / All) o[1]o: show how terrible you are
(22:50 / All) Gg-No-Re-Enj0y: learn to micro
(22:50 / All) o[1]o: trash
(22:52 / All) o[1]o: sorry scrub
(22:54 / All) o[1]o: feed more
(22:54 / All) Gg-No-Re-Enj0y: not hack
(22:55 / All) o[1]o: feed more
(22:57 / All) Gg-No-Re-Enj0y: trash kids
(22:57 / All) o[1]o: no micro
(22:58 / All) o[1]o: feed more
(23:02 / All) o[1]o: tp to own base w/ 0 hp
(23:03 / All) Gg-No-Re-Enj0y: love hojw u know ur facing pros so u hack lawll
(23:08 / All) o[1]o: yawn
(23:09 / All) M0B-LeadeR: dont flatter yourself
(23:11 / All) Gg-No-Re-Enj0y: i did that purposly u fucken newb
(23:13 / All) o[1]o: you don't impress me
(23:14 / All) Gg-No-Re-Enj0y: god r ut his stupid?
(23:15 / All) o[1]o: yawn
(23:16 / All) Gg-No-Re-Enj0y: game over
(23:18 / All) Gg-No-Re-Enj0y: didndt matter
(23:22 / All) Gg-No-Re-Enj0y: considering your hacken scrubs
(23:24 / All) o[1]o: you're bad
(23:25 / All) PapapaPwnage.: YOU MAD?
(23:26 / All) Gg-No-Re-Enj0y: Game will be posted wcr.com
(23:29 / All) o[1]o: post it please :]
(23:35 / All) Gg-No-Re-Enj0y: and blacklist.com
(23:37 / All) Gg-No-Re-Enj0y: thanx scrus
(23:41 / All) o[1]o: btw i have 3000 gold
(23:42 / All) o[1]o: :]
(23:44 / All) o[1]o: jealous?
(23:46 / All) Gg-No-Re-Enj0y: dumbass
(23:56 / All) M0B-LeadeR: why are you so angry jesus
(23:57 / All) Gg-No-Re-Enj0y: uh..
(24:01 / All) o[1]o: lol he thinks we hack
(24:04 / All) M0B-LeadeR: you fucking lost
(24:05 / All) o[1]o: cause we don't wanna hit a ud base
(24:05 / All) M0B-LeadeR: fair and square
(24:08 / All) M0B-LeadeR: learn to play thats it
(24:08 / All) o[1]o: and move on
(24:08 / All) Gg-No-Re-Enj0y: why would i be jealoius of a scrub garbage like u
(24:10 / All) o[1]o: to a hu or ne
(24:14 / All) o[1]o: and find an early expo
(24:17 / All) o[1]o: which he FAILS TO CANCEL
(24:19 / All) o[1]o: on the way
(24:20 / All) o[1]o: gj nerd
(24:21 / All) Gg-No-Re-Enj0y: good try kiddo
(24:25 / All) Gg-No-Re-Enj0y: enj0y ur ban from bnet
(24:29 / All) o[1]o: im scared.
(24:37 / All) Gg-No-Re-Enj0y: kids like u is the reason this games dead
(24:39 / All) Gg-No-Re-Enj0y: all hack no skills
(24:41 / All) Gg-No-Re-Enj0y: scrubs
(24:51 / All) Gg-No-Re-Enj0y: learn micro macro skills NOT HACKS filth
(25:01 / All) o[1]o: yawn
(25:04 / All) Gg-No-Re-Enj0y: thats right finish alkl buildings faggot
(25:24 / All) Gg-No-Re-Enj0y: such newbs
(25:48 / All) Gg-No-Re-Enj0y: cant beleive we lost to hackers wo r 50% scrubs
(25:51 / All) Gg-No-Re-Enj0y: just pathetic
(26:18 / All) Gg-No-Re-Enj0y: gg scrubs
(26:20 / All) Gg-No-Re-Enj0y: learn micro next time
(26:21 / All) Gg-No-Re-Enj0y: filth
(26:24 / All) o[1]o: gg clown :]
(26:26 / All) o[1]o: umad
(26:27 / All) o[1]o: usomad
(26:28 / All) Gg-No-Re-Enj0y: yes
(26:29 / All) Gg-No-Re-Enj0y: u
(26:30 / All) Gg-No-Re-Enj0y: r
(26:30 / All) Gg-No-Re-Enj0y: A